 Dungeon Crawl Stone Soup version 0.28.0 (webtiles) character file.

Game seed: 15930235732349170734

37746 issech the Basher (level 13, -9/114 HPs)
             Began as a Troll Monk on Feb 16, 2022.
             Was a High Priest of Hepliaklqana.
             Mangled by Rupert (34 damage)
             ... on level 2 of the Orcish Mines.
             The game lasted 01:53:22 (17710 turns).

issech the Basher (Troll Monk)                     Turns: 17710, Time: 01:53:23

Health: -9/114     AC: 12    Str: 22    XL:     13   Next: 60%
Magic:  0/12       EV: 12    Int:  6    God:    Hepliaklqana [*****.]
Gold:   718        SH: 17    Dex: 16    Spells: 12/12 levels left

rFire   + . .      SeeInvis .   B - +7 sceptre of Torment {pain, torment}
rCold   . . .      Faith    .   D - +0 tower shield
rNeg    . . .      Spirit   +   b - +1 acid dragon scales
rPois   .          Reflect  .   T - +2 hat {Will+}
rElec   .          Harm     .   v - scarf {repulsion}
rCorr   +          Rampage  .   (gloves unavailable)
Will    +....                   (boots unavailable)
Stlth   ++........              s - amulet of guardian spirit
HPRegen 1.09/turn               l - ring of flight
MPRegen 0.13/turn               W - ring of protection from fire

@: flying, repel missiles
A: reduced essence, large, unfitting armour, claws 3, regeneration 1, shaggy fur
1, tough skin 1
a: Renounce Religion, Recall Ancestor, Ancestor Identity, Transference, Idealise


You were on level 2 of the Orcish Mines.
You worshipped Hepliaklqana.
Hepliaklqana was extremely pleased with you.
You visited 3 branches of the dungeon, and saw 17 of its levels.

You collected 1662 gold pieces.
You spent 944 gold pieces at shops.

Inventory:

Hand Weapons
 a - a +4 mace
 g - a +0 arbalest
 r - a +1 flail of venom
 u - a +1 great mace of protection
 B - the +7 sceptre of Torment (weapon) {pain, torment}
   (You acquired it on level 11 of the Dungeon)

   In the hands of one skilled in necromantic magic, it inflicts extra damage on
   living creatures.
   It occasionally torments all nearby living foes when it strikes in combat.
 G - a +0 shortbow of flaming
 N - a +0 mace of protection
 Z - the +5 hand axe of the Ancient Heavens {pain, rElec rC++ Will+}
   (You found it on level 9 of the Dungeon)

   In the hands of one skilled in necromantic magic, it inflicts extra damage on
   living creatures.
   rC:        It greatly protects you from cold.
   rElec:     It insulates you from electricity.
   Will:      It increases your willpower.
Missiles
 d - 439 stones
 f - 48 sling bullets
 h - 4 throwing nets
 m - 307 arrows
 p - 20 boomerangs
 z - 25 poisoned darts
 J - 4 javelins
 R - 72 bolts
 Y - 23 large rocks (quivered)
Armour
 b - +1 acid dragon scales (worn)
 v - a scarf of repulsion (worn)
 D - a +0 tower shield (worn)
 E - +0 steam dragon scales
 K - a +1 cloak
 O - a +0 kite shield
 T - a +2 hat of willpower (worn)
 V - a +0 cloak
Magical Staves
 A - a staff of air
 P - a staff of poison
Jewellery
 l - a ring of flight (left claw)
 n - an amulet of magic regeneration
 s - an amulet of guardian spirit (around neck)
 t - an amulet of reflection
 w - a ring of ice
 L - a +6 ring of intelligence
 W - a ring of protection from fire (right claw)
Wands
 c - a wand of paralysis (12)
 C - a wand of iceblast (20)
 M - a wand of charming (15)
 Q - a wand of mindburst (7)
 S - a wand of polymorph (6)
 U - a wand of acid (3)
Scrolls
 e - 8 scrolls of teleportation
 j - 3 scrolls of holy word
 k - 3 scrolls of enchant weapon
 o - a scroll of summoning
 y - a scroll of magic mapping
 F - a scroll of identify
 H - a scroll of silence
Potions
 i - 5 potions of resistance
 q - 6 potions of curing
 x - a potion of invisibility
 I - 3 potions of berserk rage
 X - a potion of flight


   Skills:
 + Level 7.9 Fighting
 + Level 11.4 Maces & Flails
 + Level 2.5 Throwing
 + Level 5.3 Armour
 + Level 9.2 Dodging
 + Level 3.8 Stealth
 + Level 10.6 Shields


You had 12 spell levels left.
You didn't know any spells.
Your spell library contained the following spells:

 Spells                   Type           Power      Damage    Failure   Level
 Static Discharge         Conj/Air       0%         N/A       98%         2
 Gell's Gravitas          Tloc           0%         N/A       100%        3
 Lesser Beckoning         Tloc           0%         N/A       100%        3
 Teleport Other           Tloc           0%         N/A       100%        3
 Dispel Undead            Necr           0%         3d6       100%        4
 Olgreb's Toxic Radiance  Pois           0%         N/A       100%        4
 Sticky Flame             Conj/Fire      0%         2d3       100%        4
 Ozocubu's Refrigeration  Ice            0%         4d5       100%        7
 Ignition                 Fire           0%         3d3       100%        8


Dungeon Overview and Level Annotations

Branches:
Dungeon (14/15)            Temple (1/1) D:5            Lair (0/6) D:9
    Orc (2/2) D:11            Elf (0/3) Orc:2        Vaults (0/5) D:13

Altars:
Ashenzari
Cheibriados
Dithmenos
Elyvilon
Fedhas
Gozag
Hepliaklqana
Kikubaaqudgha
Makhleb
Nemelex Xobeh
Okawaru
Qazlal
Ru
Sif Muna
Trog
Uskayaw
Vehumet
Wu Jian
Xom
Yredelemnul
Zin
The Shining One
Beogh

Shops:
D:8 :   D:10 *   D:11 ((?   Orc:1 !:   Orc:2 [!

Annotations:
D:14 Azrael
Orc:2 Rupert


Innate Abilities, Weirdness & Mutations

Your life essence is reduced to manifest your ancestor. (-10% HP)
You are too large for most types of armour.
You have claws for hands.
Your natural rate of healing is unusually fast.
You are covered in fur. (AC +1)
You have tough skin. (AC +1)


Message History

Press: ? - help, Q - select action, (/) - cycle Dir - look around, f - activate Look: Rupert, wielding a +1 great mace of protection and wearing a +0 leather armour (lightly wounded, ally target)
You throw a large rock.
You feel less confused.
Rupert roars madly and goes into a rage!
Rupert goes berserk!
Servius casts a spell at Rupert.
The puff of frost hits Rupert!
Rupert hits Servius with a +1 great mace of protection!!
Servius hits Rupert with a +0 quarterstaff!!
Rupert hits Servius with a +1 great mace of protection!
Servius is destroyed!
Rupert shouts!
You sock Rupert!
Rupert is moderately wounded.
You block Rupert's attack.
You bludgeon Rupert!!
Rupert is heavily wounded.
Rupert hits you with a +1 great mace of protection!! x2
You bludgeon Rupert!!
Rupert is severely wounded.
You block Rupert's attack.
Rupert hits you with a +1 great mace of protection!
You barely miss Rupert.
Rupert is severely wounded.
Rupert hits you with a +1 great mace of protection.
You puncture Rupert!
Rupert is severely wounded.
You block Rupert's attack.
Rupert hits you with a +1 great mace of protection!!
You hit Rupert but do no damage.
Rupert is severely wounded.
You block Rupert's attack.
Rupert hits you with a +1 great mace of protection!
You hit Rupert.
Rupert is severely wounded.
Rupert hits you with a +1 great mace of protection!
* * * LOW HITPOINT WARNING * * *
Rupert hits you with a +1 great mace of protection!!!
You die...

..#....#.........................
.................#..........#####
#####..###......#...#.....#.#...#
_..##..##.......##.....(....#)8.#
....#..#....................).).#
))).#.....###.........#.....#####
#'###.......#..#....)##..........
#...#.)....###.#.@....##.......##
#.8.#.......#...@..))).........##
#...#...............)..#####.....
##'##....(...........(## ##....
..)...###......###...('.. #....
.......###.....#####..#... #....
.......#.......#.##...#.... #....
.......#.........#....# ...##....
...#........#..........#####.....
..###.......#.................#.#


You could see Rupert (berserk).

Vanquished Creatures
  Jorgrun (Orc:2)
  Josephine (Orc:1)
  A boulder beetle (D:11)
  2 vault guards (D:13)
  A hydra (D:13)
  A death knight (D:13)
  2 two-headed ogres
  A centaur warrior (D:13)
  A tengu warrior (D:13)
  An orc high priest (Orc:2)
  A skeletal warrior (D:13)
  An orc knight (Orc:2)
  Pikel (D:4)
  2 orc sorcerers
  A deep elf pyromancer (D:13)
  2 cyclopes
  A manticore (D:13)
  2 tengu conjurers
  2 trolls
  Grinder (D:6)
  A centaur simulacrum (D:14)
  3 wraiths
  A yak (D:8)
  A wyvern (D:9)
  A steam dragon (D:10)
  5 vampire mosquitoes (D:13)
  A death yak simulacrum (Orc:1)
  A warg (D:12)
  An acid dragon (D:9)
  An ice beast (D:6)
  5 orc warriors
  A black bear (D:8)
  3 ogres (Orc:2)
  2 centaurs
  2 lemures (D:3)
  2 phantoms (D:4)
  A kobold brigand (D:5)
  A gnoll sergeant (D:10)
  A scorpion (D:4)
  A two-headed ogre simulacrum (Orc:1)
  2 wights
  A howler monkey (D:12)
  A bullfrog zombie (D:7)
  7 orc priests
  A bullfrog skeleton (D:6)
  A gnoll shaman (D:6)
  2 iguanas
  8 orc wizards
  A troll simulacrum (Orc:1)
  A howler monkey zombie (D:5)
  A howler monkey skeleton (D:6)
  17 gnolls
  2 naga simulacra (Orc:1)
  11 adders
  3 dart slugs
  35 orcs
  8 ball pythons
  2 bats
  9 endoplasms
  4 giant cockroaches
  7 goblins
  5 hobgoblins
  4 jackals (D:4)
  17 kobolds
  4 quokkas
  4 frilled lizards
  7 rats
226 creatures vanquished.

Vanquished Creatures (collateral kills)
  Gastronok (Orc:1)
  An orc warlord (D:13)
  A hydra (D:14)
  A vault guard (D:13)
  3 boulder beetles
  A two-headed ogre (D:8)
  A centaur warrior (D:13)
  A death knight (D:13)
  2 skeletal warriors
  An orc sorcerer (Orc:2)
  2 ugly things (D:12)
  5 cyclopes
  An elephant (D:8)
  Joseph (D:7)
  A guardian serpent (shapeshifter) (D:14)
  2 unseen horrors
  A tengu conjurer (D:13)
  4 trolls
  A slime creature (D:13)
  A tarantella (shapeshifter) (D:13)
  3 wraiths (Orc:1)
  A shadow (D:9)
  2 fire elementals (D:14)
  2 wyverns (D:9)
  5 vampire mosquitoes (D:13)
  A basilisk (D:9)
  2 acid dragons
  A water moccasin (D:7)
  Duvessa (D:6)
  17 orc warriors
  A swamp drake (D:11)
  A sky beast (D:8)
  A necrophage (D:6)
  3 ogres
  A black bear (D:6)
  7 centaurs
  2 kobold brigands
  4 gnoll sergeants
  Dowan (D:6)
  3 wights
  A centaur zombie (D:7)
  A hound (D:7)
  7 orc priests
  14 orc wizards
  A killer bee zombie (D:8)
  A troll simulacrum (Orc:1)
  A spriggan simulacrum (Orc:1)
  A wolf simulacrum (Orc:1)
  17 gnolls
  An adder (D:6)
  A white imp (D:7)
  26 orcs
  3 kobolds
  2 rat zombies (D:13)
168 creatures vanquished.

Vanquished Creatures (others)
  Maurice (Orc:2)
  26 battlemagi
  An orc (D:11)
  A kobold (D:5)
  A fungus (D:9)
  A plant (D:9)
31 creatures vanquished.

Grand Total: 425 creatures vanquished

Notes
Turn   | Place    | Note
-------+----------+-------------------------------------------
     0 | D:1      | issech the Troll Monk began the quest for the Orb.
     0 | D:1      | Reached XP level 1. HP: 22/22 MP: 0/0
    77 | D:1      | Reached XP level 2. HP: 27/29 MP: 1/1
   210 | D:1      | Reached skill level 3 in Maces & Flails
   503 | D:1      | Reached XP level 3. HP: 35/36 MP: 2/2
  1021 | D:2      | Reached XP level 4. HP: 39/44 MP: 3/3
  1628 | D:3      | Reached skill level 4 in Maces & Flails
  1857 | D:3      | Found a faded altar of an unknown god.
  1911 | D:3      | Reached XP level 5. HP: 45/52 MP: 4/4
  2656 | D:4      | Noticed a lemure
  2656 | D:4      | Noticed a lemure
  2656 | D:4      | Noticed Pikel
  2698 | D:3      | Killed a lemure
  2729 | D:4      | Noticed a lemure
  2730 | D:4      | Noticed a lemure
  2765 | D:3      | Killed a lemure
  2930 | D:4      | Reached XP level 6. HP: 47/61 MP: 5/5
  3178 | D:4      | Killed Pikel
  3179 | D:4      | Reached skill level 5 in Maces & Flails
  3179 | D:4      | Reached XP level 7. HP: 51/68 MP: 6/6
  3360 | D:4      | Reached skill level 6 in Maces & Flails
  3512 | D:4      | Found a basalt altar of Yredelemnul.
  3534 | D:5      | Entered Level 5 of the Dungeon
  3534 | D:5      | Noticed a wraith
  3551 | D:4      | Killed a wraith
  3552 | D:4      | Reached skill level 1 in Shields
  3552 | D:4      | Reached XP level 8. HP: 42/78 MP: 7/7
  3737 | D:5      | Found a staircase to the Ecumenical Temple.
  3916 | Temple   | Entered the Ecumenical Temple
  4523 | Temple   | Became a worshipper of Hepliaklqana the Forgotten
  4523 | Temple   | Reached * piety under Hepliaklqana
  4523 | Temple   | Reached ** piety under Hepliaklqana
  4524 | Temple   | Remembered your ancestor Servius as a battlemage
  5064 | D:6      | Reached skill level 5 in Dodging
  5070 | D:6      | Reached skill level 7 in Maces & Flails
  5218 | D:6      | Noticed Grinder
  5237 | D:6      | Killed Grinder
  5344 | D:6      | Reached XP level 9. HP: 72/76 MP: 8/8
  5564 | D:6      | Noticed Dowan
  5565 | D:6      | Noticed Duvessa
  5576 | D:6      | Killed Duvessa
  5577 | D:6      | Killed Dowan
  5694 | D:7      | Noticed Joseph
  5698 | D:7      | Paralysed by Joseph for 5 turns
  5712 | D:7      | Paralysed by Joseph for 6 turns
  5715 | D:7      | Killed Joseph
  5842 | D:7      | Reached skill level 8 in Maces & Flails
  6343 | D:7      | Reached *** piety under Hepliaklqana
  6780 | D:8      | Noticed a two-headed ogre
  6789 | D:8      | Killed a two-headed ogre
  6790 | D:8      | Reached skill level 5 in Fighting
  6790 | D:8      | Reached skill level 5 in Shields
  6790 | D:8      | Reached XP level 10. HP: 86/86 MP: 9/9
  6858 | D:8      | Found Qaus's Book Boutique.
  7281 | D:9      | Noticed a boulder beetle
  7442 | D:9      | Killed a boulder beetle
  7514 | D:9      | Found a staircase to the Lair.
  7514 | D:9      | Noticed an elephant
  7595 | D:8      | Killed an elephant
  7596 | D:8      | Reached skill level 1 in Armour
  7788 | D:9      | Reached **** piety under Hepliaklqana
  7822 | D:9      | Identified the +5 hand axe of the Ancient Heavens {pain,
                  | rElec rC++ Will+}
  8046 | D:10     | Entered Level 10 of the Dungeon
  8382 | D:10     | Noticed a two-headed ogre
  8459 | D:9      | Killed a two-headed ogre
  8460 | D:9      | Reached XP level 11. HP: 21/93 MP: 10/10
  8898 | D:10     | Found Jask's Assorted Antiques.
  8903 | D:10     | Bought a scroll of identify for 54 gold pieces
  8903 | D:10     | Bought a scroll labelled ZEERYI RERULE for 27 gold pieces
  8903 | D:10     | Bought a lumpy platinum amulet for 135 gold pieces
  9198 | D:11     | Reached skill level 9 in Maces & Flails
  9325 | D:11     | Noticed a boulder beetle
  9377 | D:11     | Killed a boulder beetle
  9528 | D:11     | Found Tiylex Tigh's Weapon Shoppe.
  9621 | D:11     | Found Nishal's Magic Scroll Shop.
  9626 | D:11     | Identified the +5 chain mail "Dovostruzyr" {Int+4}
  9855 | D:11     | Found a staircase to the Orcish Mines.
 10059 | D:11     | Found Haer's Weapon Boutique.
 10182 | D:12     | Noticed a white ugly thing
 10196 | D:12     | Killed a white ugly thing
 10496 | D:12     | Noticed a purple ugly thing
 10507 | D:12     | Killed a purple ugly thing
 10865 | D:13     | Noticed a boulder beetle
 10886 | D:13     | Killed a boulder beetle
 11096 | D:13     | Found a gate to the Vaults.
 11096 | D:13     | Noticed a centaur warrior
 11096 | D:13     | Noticed a vault guard
 11096 | D:13     | Noticed a centaur warrior
 11096 | D:13     | Noticed a vault guard
 11096 | D:13     | Noticed a vault guard
 11096 | D:13     | Noticed a deep elf pyromancer
 11096 | D:13     | Noticed a vault guard
 11096 | D:13     | Noticed a death knight
 11096 | D:13     | Noticed a tengu warrior
 11111 | D:13     | Noticed a boulder beetle
 11163 | D:12     | HP: 3/94 [vault guard (24)]
 11187 | D:10     | HP: 3/94 [vault guard (26)]
 11696 | D:13     | Killed a centaur warrior
 11730 | D:13     | Killed a vault guard
 11816 | D:12     | Killed a boulder beetle
 11817 | D:12     | Reached XP level 12. HP: 102/102 MP: 11/11
 11839 | D:13     | Killed a tengu warrior
 11927 | D:13     | Killed a centaur warrior
 11991 | D:13     | Killed a death knight
 12113 | D:13     | Noticed a death knight
 12300 | D:13     | Killed a death knight
 12301 | D:13     | Reached skill level 10 in Maces & Flails
 12530 | D:13     | Killed a vault guard
 12590 | D:13     | Noticed a five-headed hydra
 12776 | D:13     | Killed a five-headed hydra
 13184 | D:13     | Killed a vault guard
 13417 | D:13     | Reached ***** piety under Hepliaklqana
 13497 | D:13     | Found an ancient bone altar of Kikubaaqudgha.
 13975 | Orc:1    | Entered Level 1 of the Orcish Mines
 13975 | Orc:1    | Noticed an orc warlord
 13980 | D:11     | Paralysed by an orc sorcerer for 2 turns
 14819 | D:13     | Killed an orc warlord
 14926 | D:14     | Noticed a five-headed hydra
 14930 | D:14     | Killed a five-headed hydra
 14931 | D:14     | Reached skill level 1 in Throwing
 15074 | D:13     | Reached skill level 10 in Shields
 15223 | D:14     | Reached skill level 5 in Armour
 15246 | D:14     | Identified the +1 pair of gloves of Conscience {Harm +Inv}
 15394 | D:14     | Noticed a two-headed ogre
 15407 | D:14     | Killed a two-headed ogre
 15408 | D:14     | Reached XP level 13. HP: 85/111 MP: 7/12
 15520 | D:14     | Found a shimmering blue altar of Sif Muna.
 15718 | D:14     | Noticed Azrael
 15735 | D:14     | Found a shadowy altar of Dithmenos.
 15895 | D:11     | Bought a scroll of acquirement for 728 gold pieces
 15897 | D:11     | Acquired the +7 sceptre of Torment {pain, torment}
 15897 | D:11     | Found the +7 sceptre of Torment {pain, torment}
 16079 | Orc:1    | Found Jitipt's Distillery.
 16254 | Orc:1    | Noticed Josephine
 16260 | Orc:1    | Killed Josephine
 16285 | Orc:1    | Noticed Gastronok
 16293 | Orc:1    | Killed Gastronok
 16395 | Orc:1    | Found Ehynunk's Book Shoppe.
 16630 | Orc:2    | Entered Level 2 of the Orcish Mines
 16807 | Orc:2    | Noticed Maurice
 16812 | Orc:2    | Killed Maurice
 16821 | Orc:2    | Reached skill level 11 in Maces & Flails
 17025 | Orc:2    | Found a staircase to the Elven Halls.
 17067 | Orc:2    | Noticed Jorgrun
 17090 | Orc:2    | Killed Jorgrun
 17229 | Orc:2    | Noticed Rupert
 17235 | Orc:2    | Paralysed by Rupert for 6 turns
 17473 | Orc:2    | Found Paogg's Distillery.
 17534 | Orc:2    | Found Jorool's Antique Armour Shoppe.
 17710 | Orc:2    | Mangled by Rupert

Illustrated notes

Levels and vault maps discovered:
D:1:      minmay_arrival_plants_in_alcoves, layout_rooms, serial_bayou_pond_e
D:2:      layout_basic
D:3:      layout_loops_ring, hellmonk_ecumenical_altar_run_dry,
          kennysheep_generic_room_10
D:4:      layout_rooms, mainiacjoe_overflow_alcove_1, uniq_pikel
D:5:      layout_basic, minmay_temple_entry_glass
D:6:      minmay_flawed_box, layout_loops_ring, uniq_duvessa, uniq_grinder
D:7:      layout_gridville, nicolae_underground_beach, uniq_joseph
D:8:      layout_basic, serial_shops, shop
D:9:      layout_big_octagon, david_lair_generic
D:10:     layout_cave_pools, serial_shops, kennysheep_little_box
D:11:     layout_cave_pools, erik_orc_1, serial_rivers,
          chequers_serial_rivers_room_b, chequers_serial_rivers_micro_a,
          chequers_serial_rivers_small_3, chequers_serial_rivers_small_3,
          chequers_serial_rivers_micro_c, serial_shops, shop_statue,
          nicolae_lakefront_shop, nicolae_shop_competitors_out_of_business,
          ebering_dispersal_statue_hall
D:12:     layout_gridville
D:13:     layout_loops_corners, lightli_vaults_fourway_checkpoint,
          chequers_hall_statues_wall_a, lemuel_zombie_altar_kikubaaqudgha
D:14:     layout_loops_ring, grunt_dithmenos_shadows,
          hangedman_abyss_or_decor_passed, dk_noncrumbling_3,
          nicolae_sif_muna_little_library, uniq_azrael
Temple:   mainiacjoe_temple_starburst
Orc:1:    layout_diamond_mine, serial_shops, shop, nicolae_lakefront_shop,
          portal_ice_cave_entry_ice_simulacra, uniq_gastronok, uniq_josephine
Orc:2:    grunt_orc_community_town_hall, layout_diamond_mine,
          grunt_orc_community_big_house_1, grunt_orc_community_big_house_2,
          grunt_orc_community_house_1, grunt_orc_community_house_2,
          grunt_orc_community_house_3, grunt_orc_community_house_1,
          grunt_orc_community_house_3, grunt_orc_community_house_2,
          mines1_david, uniq_maurice, uniq_jorgrun, uniq_rupert

Skill      XL: |  1  2  3  4  5  6  7  8  9 10 11 12 13 |
---------------+----------------------------------------+-----
Maces & Flails | 3 4 5 6 7 8 9 10 11 | 11.4
Dodging        | 3 4 5 6 7 8 9 |  9.2
Fighting       | 3 4 5 6 7 |  7.9
Shields        | 1 2 5 7 8 10 | 10.6
Stealth        | 2 3 |  3.8
Armour         | 2 4 5 |  5.3
Throwing       | 1 2 |  2.5

Action                   |  1- 3 |  4- 6 |  7- 9 | 10-12 | 13-15 || total
-------------------------+-------+-------+-------+-------+-------++-------
Melee: Mace              |    98 |    93 |    41 |   635 |    20 ||   887
       Punch             |     1 |     3 |     3 |       |       ||     7
       Flail             |       |   125 |   213 |       |       ||   338
       Eveningstar       |       |       |       |       |   155 ||   155
Throw: Stone             |       |     3 |       |       |       ||     3
       Large rock        |       |       |       |    15 |    23 ||    38
Invok: Ancestor Life: Ba |       |       |     1 |       |       ||     1
       Recall Ancestor   |       |       |       |     2 |       ||     2
       Ancestor Identity |       |       |       |     1 |       ||     1
  Use: Scroll            |       |     6 |     3 |    11 |     4 ||    24
       Potion            |       |       |       |     2 |       ||     2
 Stab: Sleeping          |     2 |     4 |       |     1 |       ||     7
       Distracted        |       |       |     1 |    13 |     3 ||    17
Armor: Robe              |    25 |    72 |    66 |     7 |       ||   170
       Troll leather arm |       |       |       |    78 |       ||    78
       Acid dragon scale |       |       |       |   188 |    31 ||   219
Dodge: Dodged            |    43 |   125 |   116 |   210 |    43 ||   537
       Repelled          |       |       |       |       |     1 ||     1
Block: Other             |       |     8 |    37 |       |       ||    45
       Tower shield      |       |       |   191 |   729 |   145 ||  1065
       Reflection        |       |       |    11 |    20 |       ||    31
